 Dungeon Crawl Stone Soup version 0.24.0-1-gfbc8707 (webtiles) character file.

Game seed: 5318672711680274414, levelgen mode: deterministic

19 Cinza the Magician (level 2, 0/23 HPs)
             Began as a Gnoll Wanderer on Oct 31, 2019.
             Slain by a rat (3 damage)
             ... on level 1 of the Dungeon.
             The game lasted 00:06:41 (401 turns).

Cinza the Magician (Gnoll Wanderer)                  Turns: 401, Time: 00:06:45

Health: 0/23       AC:  2    Str: 14    XL:     2   Next: 75%
Magic:  7/7        EV: 11    Int: 14    God:
Gold:   42         SH:  0    Dex: 14    Spells: 7/10 levels left

rFire    . . .     SeeInvis .   h - +0 short sword
rCold    . . .     Gourm    .   (no shield)
rNeg     . . .     Faith    .   e - +0 robe
rPois    .         Spirit   .   (no helmet)
rElec    .         Reflect  .   (no cloak)
rCorr    .         Harm     .   (no gloves)
MR       .....                  (no boots)
Stlth    +.........             (no amulet)
HPRegen  0.07/turn              (no ring)
MPRegen  0.10/turn              (no ring)

@: no status effects
A: distributed training, fangs 1, strong nose
a: no special abilities


You were on level 1 of the Dungeon.
You were not hungry.

You visited 1 branch of the dungeon, and saw 1 of its levels.

You collected 42 gold pieces.

Inventory:

Hand Weapons
 a - a +0 dagger
 h - a +0 short sword (weapon)
Missiles
 c - 12 poisoned darts (quivered)
Armour
 e - a +0 robe (worn)
Scrolls
 d - 4 scrolls of fear {unknown}
 k - a scroll of teleportation {unknown}
 m - a scroll of immolation {unknown}
Potions
 b - a potion of curing
 g - a potion of ambrosia {unknown}
 i - a potion of brilliance {unknown}
 j - a potion of haste {unknown}
 l - a potion of mutation {unknown}
Comestibles
 f - a ration


   Skills:
 + Level 2.5 Fighting
 + Level 0.5 Short Blades
 + Level 0.5 Long Blades
 + Level 0.5 Axes
 + Level 0.5 Maces & Flails
 + Level 0.5 Polearms
 + Level 0.5 Staves
 + Level 0.5 Slings
 + Level 0.5 Bows
 + Level 0.5 Crossbows
 + Level 4.5 Throwing
 + Level 0.5 Armour
 + Level 0.5 Dodging
 + Level 0.5 Stealth
 + Level 0.5 Shields
 + Level 4.5 Unarmed Combat
 + Level 4.9 Spellcasting
 + Level 0.3 Conjurations
 + Level 0.3 Hexes
 + Level 0.3 Charms
 + Level 0.3 Summonings
 + Level 0.3 Necromancy
 + Level 0.3 Translocations
 + Level 0.3 Transmutations
 + Level 0.3 Fire Magic
 + Level 3.7 Ice Magic
 + Level 2.0 Air Magic
 + Level 0.3 Earth Magic
 + Level 0.3 Poison Magic
 + Level 0.6 Invocations
 + Level 0.5 Evocations


You had 7 spell levels left.
You knew the following spells:

 Your Spells              Type           Power        Failure   Level  Hunger
a - Freeze                Ice            ##..         3%          1    None
b - Throw Frost           Conj/Ice       #.....       12%         2    ##.....

Your spell library contained the following spells:

 Spells                   Type           Power        Failure   Level  Hunger
 Ozocubu's Armour         Chrm/Ice       #.......     22%         3    ###....
 Summon Ice Beast         Ice/Summ       #.......     58%         4    ####...
 Throw Icicle             Conj/Ice       #.......     58%         4    ####...


Dungeon Overview and Level Annotations

Branches:
Dungeon (1/15)

Altars:


Innate Abilities, Weirdness & Mutations

Your experience applies equally to all skills.
You have very sharp teeth.
Your uncanny sense of smell can sniff out nearby items.


Message History

You hit the plant.
The plant is lightly damaged.
The hobgoblin misses you.
You hit the hobgoblin.
The hobgoblin is lightly wounded.
The rat bites you but does no damage. The hobgoblin barely misses you.
You hit the hobgoblin.
The hobgoblin is almost dead.
A ball python comes into view.
The rat bites you.
The goblin hits the bush but does no damage.
The hobgoblin barely misses you.
You completely miss the hobgoblin.
The hobgoblin is almost dead.
The rat closely misses you.
The goblin completely misses the bush.
The kobold hits the bush but does no damage.
The hobgoblin hits you with a +0 club.
* * * LOW HITPOINT WARNING * * *
The rat bites you.
You die...

.#.# #
#....#### #.#
. ####..## ###
..#######..#
♣.P!#...##.###
P..P....#...#
♣..†.....#
♣♣P..##...#
♣...####.#
♣@g## ##


PPrP# # #KgP..# #### #.###.# .#.## #. .. ∆ #.#.# ## ... .#.# .... #### .... #
You could see a hobgoblin, a goblin, a kobold and a rat.

Vanquished Creatures
  An ooze (D:1)
  A leopard gecko (D:1)
  4 bats (D:1)
  A hobgoblin (D:1)
  2 kobolds (D:1)
  5 rats (D:1)
14 creatures vanquished.

Notes
Turn   | Place    | Note
-------+----------+-------------------------------------------
     0 | D:1      | Cinza the Gnoll Wanderer began the quest for the Orb.
     0 | D:1      | Cinza set off with the following items: a +0 dagger, a
                  | potion of curing, 12 poisoned darts, a +0 robe, a ration;
                  | and the following spell memorised: Freeze; and the
                  | following spells available to memorise: Throw Frost,
                  | Ozocubu's Armour, Summon Ice Beast, Throw Icicle
     0 | D:1      | Reached XP level 1. HP: 17/17 MP: 6/6
   206 | D:1      | Reached XP level 2. HP: 9/23 MP: 7/7
   210 | D:1      | Learned a level 2 spell: Throw Frost
   401 | D:1      | Slain by a rat

Levels and vault maps discovered:
D:1:      nagdon_arrival_zigzag_paths, layout_rooms, serial_forest,
          infiniplex_forest_join, infiniplex_forest_clump_diagonal,
          infiniplex_forest_split, infiniplex_forest_zigzag_1,
          infiniplex_forest_clump_tiny, infiniplex_forest_lined_corner,
          infiniplex_forest_end_2, infiniplex_forest_clump_medium,
          infiniplex_forest_clump_double, hangedman_abyss_or_decor_lesser_grid

Skill      XL: |  1 |
---------------+----+-----
Air Magic      | 2 |  2.0
Fighting       | |  2.5
Short Blades   | |  0.5
Long Blades    | |  0.5
Axes           | |  0.5
Maces & Flails | |  0.5
Polearms       | |  0.5
Staves         | |  0.5
Slings         | |  0.5
Bows           | |  0.5
Crossbows      | |  0.5
Throwing       | |  4.5
Armour         | |  0.5
Dodging        | |  0.5
Stealth        | |  0.5
Shields        | |  0.5
Unarmed Combat | |  4.5
Spellcasting   | |  4.9
Conjurations   | |  0.3
Hexes          | |  0.3
Charms         | |  0.3
Summonings     | |  0.3
Necromancy     | |  0.3
Translocations | |  0.3
Transmutations | |  0.3
Fire Magic     | |  0.3
Ice Magic      | |  3.7
Earth Magic    | |  0.3
Poison Magic   | |  0.3
Invocations    | |  0.6
Evocations     | |  0.5

Action                   || total
-------------------------++-------
Melee: Short sword       ||    39
       Dagger            ||     6
       Bite              ||     2
 Cast: Freeze            ||     3
Armor: Robe              ||    18
Dodge: Dodged            ||    45
